 Dungeon Sprint DCSS version 0.31-a0-523-g071a6c1ffa (webtiles) character file.

Game seed: 834300282080216927

342 Midn8 the Prestidigitator (level 6, -7/88 HPs)
             Began as a Troll Fighter on Aug 12, 2023.
             Was an Initiate of Ru.
             Mangled by a queen bee (17 damage)
             ... in the Dungeon (Sprint IV: "Fedhas' Mad Dash").
             The game lasted 00:01:38 (169 turns).

Midn8 the Prestidigitator (Troll Fighter)            Turns: 169, Time: 00:01:39

Health: -7/88      AC:  4    Str: 27    XL:     6   Next: 30%
Magic:  5/5        EV:  9    Int:  4    God:    Ru [......]
Gold:   71         SH:  7    Dex:  9    Spells: 5/5 levels left

rFire   . .          .
                       - Unarmed
rCold   . . .        b - +0 kite shield
rNeg    . . .        a - +0 robe
rPois   .            (helmet restricted)
rElec   .            (no cloak)
rCorr   .            (gloves unavailable)
SInv    .            (boots unavailable)
Will    .....        k - amulet of invisibility {+Inv} Stlth
                     (no ring)
HPRegen 1.14/turn    (no ring)
MPRegen 0.09/turn

%: no teleportation
@: berserking, lethally poisoned (-7 -> -8), very slightly contaminated, very
quick
A: large, unfitting armour, claws 3, regeneration 1, shaggy fur 1, tough skin 1
a: Renounce Religion, Evoke Invisibility


You were in the Dungeon.
You worshipped Ru.
Ru was noncommittal.
You visited 1 branch You collected 71 gold pieces.

Inventory:

Armour
 a - a +0 robe (worn)
 b - a +0 kite shield (worn)
Jewellery
 k - the amulet of invisibility (around neck) {+Inv}
   (You found it in the Dungeon)

   [amulet of nothing]

   +Inv:      It lets you turn invisible.
Scrolls
 i - a scroll of blinking
 j - 2 scrolls of identify {unknown}
Potions
 c - a potion of might
 d - a potion of curing
 e - a potion of heal wounds
 f - a potion of haste
 g - 2 potions of magic


   Skills:
 - Level 2.4 Fighting
 - Level 2.4 Dodging
 - Level 2.6 Shields
 - Level 6.6 Unarmed Combat
 + Level 9.1 Evocations


You had 5 spell levels left.
You didn't know any spells.
Your spell library was empty.

Dungeon Overview and Level Annotations

Branches:
Dungeon (1/1)

Altars:
Cheibriados
Dithmenos
Elyvilon
Gozag
Hepliaklqana
Kikubaaqudgha
Makhleb
Nemelex Xobeh
Okawaru
Qazlal
Ru
Sif Muna
Trog
Uskayaw
Vehumet
Wu Jian
Xom
Yredelemnul
Zin
The Shining One
Jiyva
Lugonu


Innate Abilities, Weirdness & Mutations

You are too large for most types of armour.
You have claws for hands.
Your natural rate of healing is unusually fast.
You are covered in fur. (AC +1)
You have tough skin. (AC +1)


Message History

You block the killer bee's attack. The killer bee stings you.
* * * LOW HITPOINT WARNING * * *
You are poisoned.
The killer bee poisons you!
You miss the killer bee.
The killer bee is severely wounded.
You flicker back into view.
You feel very sick. The killer bee barely misses you.
The killer bee stings you.
* * * LOW HITPOINT WARNING * * *
The queen bee calls on the killer bee to defend it!
The killer bee goes berserk!
You barely miss the killer bee.
The killer bee is severely wounded.
You feel sick. You block the killer bee's attack.
The killer bee closely misses you. The killer bee stings you.
* * * LOW HITPOINT WARNING * * *
Unknown command.
You claw the killer bee!
You kill the killer bee!
You feel sick.
Your Evocations skill increases to level 9!
You scratch the queen bee.
The queen bee is lightly wounded.
You feel sick. The queen bee barely misses you.
A red film seems to cover your vision as you go berserk!
You feel yourself moving faster!
You feel mighty!
You feel sick. You block the queen bee's attack.
Unknown command.
You barely miss the queen bee.
The queen bee is lightly wounded.
You feel sick.
You claw the queen bee!
The queen bee is heavily wounded.
You feel sick.
The queen bee stings you but does no damage.
You claw the queen bee!
The queen bee is severely wounded.
The queen bee stings you!
You die...

########################
#<..P#.....#.....#.⌠._._
#PP..†.....'.#†..'.._._.
#PPPP#.....#.#...#..._._
###############'##.._._.
#...♣........'...#._._._
#.....y♣.....#...#######
#.....♣@.♣..######
##+####+#####


You could see a queen bee.

Vanquished Creatures
  A scorpion (D)
  4 killer bees (D)
  3 oklob saplings (D)
  A river rat (D)
  A rat (D)
10 creatures vanquished.

Notes
Turn   | Place    | Note
-------+----------+-------------------------------------------
     0 | D        | Midn8 the Troll Fighter began the quest for the Orb.
     0 | D        | Reached XP level 1. HP: 22/22 MP: 0/0
    22 | D        | Reached XP level 2. HP: 19/29 MP: 1/1
    40 | D        | Noticed an oklob sapling
    41 | D        | Killed an oklob sapling
    42 | D        | Reached XP level 3. HP: 36/36 MP: 2/2
    43 | D        | Noticed a scorpion
    43 | D        | Found the amulet of invisibility {+Inv}
    48 | D        | Killed a scorpion
    49 | D        | Reached skill level 4 in Evocations
    49 | D        | Reached XP level 4. HP: 43/44 MP: 3/3
    73 | D        | Reached skill level 5 in Evocations
    81 | D        | Found an opulent altar of Gozag.
    81 | D        | Found a hazy altar of Hepliaklqana.
    81 | D        | Found a snail-covered altar of Cheibriados.
    82 | D        | Found a viscous altar of Jiyva.
    82 | D        | Found a burning altar of Makhleb.
    82 | D        | Found a sparkling altar of Nemelex Xobeh.
    82 | D        | Found a sacrificial altar of Ru.
    82 | D        | Found a shimmering blue altar of Sif Muna.
    82 | D        | Found a bloodstained altar of Trog.
    82 | D        | Found an ornate altar of the Wu Jian Council.
    82 | D        | Found a shimmering altar of Xom.
    82 | D        | Found a basalt altar of Yredelemnul.
   104 | D        | Found an iron altar of Okawaru.
   104 | D        | Found a glowing silver altar of Zin.
   104 | D        | Found a shadowy altar of Dithmenos.
   105 | D        | Found a hide-covered altar of Uskayaw.
   105 | D        | Found an ancient bone altar of Kikubaaqudgha.
   106 | D        | Found a stormy altar of Qazlal.
   106 | D        | Found a glowing golden altar of the Shining One.
   106 | D        | Found a white marble altar of Elyvilon.
   107 | D        | Found a radiant altar of Vehumet.
   107 | D        | Found a corrupted altar of Lugonu.
   113 | D        | Reached skill level 6 in Evocations
   113 | D        | Reached XP level 5. HP: 50/50 MP: 4/4
   118 | D        | Became a worshipper of Ru the Awakened
   137 | D        | Noticed a queen bee
   156 | D        | Reached skill level 7 in Evocations
   157 | D        | Reached skill level 8 in Evocations
   159 | D        | Reached XP level 6. HP: 19/59 MP: 5/5
   165 | D        | Reached skill level 9 in Evocations
   169 | D        | Mangled by a queen bee

Illustrated notes

Levels and vault maps discovered:
D:        dungeon_sprint_fedhas [sprint_temple]

Skill      XL: |  1  2  3  4  5  6 |
---------------+-------------------+-----
Unarmed Combat | 4 6 |  6.6
Evocations     | 4 6 8 9 |  9.1
Fighting       | |  2.4
Dodging        | |  2.4
Shields        | |  2.6

Action                     |  1- 3 |  4- 6 || total
---------------------------+-------+-------++-------
  Melee: Unarmed           |    22 |    28 ||    50
Ability: Evoke Invisibilit |       |     2 ||     2
    Use: Potion            |       |     1 ||     1
   Stab: Invisible         |       |     4 ||     4
 Armour: Robe              |     5 |     4 ||     9
  Dodge: Dodged            |     7 |    26 ||    33
  Block: Kite shield       |     2 |    12 ||    14

Table legend: (Time is in decaauts)
 A = Elapsed time spent in this place.
 B = Non-inter-level travel time spent in this place.
 C = Inter-level travel time spent in this place.
 D = Time resting spent in this place.
 E = Time spent auto-exploring this place.
 F = Levels seen in this place.
 G = Mean time per level.
                   A        B        C        D        E       F      G
               +--------+--------+--------+--------+--------+-----+--------+
         Total |    169 |    169 |      0 |     32 |      0 |   1 |  169.0 |
       Dungeon |    169 |    169 |      0 |     32 |      0 |   1 |  169.0 |
               +--------+--------+--------+--------+--------+-----+--------+

Top non-repeatable levels by time:
       D: 169 daAuts
